 Dungeon Crawl Stone Soup version 0.27-a0-396-g03f4e8edb7 (webtiles) character file.

Game seed: 13145775487620136521

49 Morbidden the Skirmisher (level 3, -5/30 HPs)
             Began as a Demonspawn Wanderer on Feb 21, 2021.
             Slain by a worm (9 damage)
             ... on level 2 of the Dungeon.
             The game lasted 00:03:15 (2136 turns).

Morbidden the Skirmisher (Demonspawn Wanderer)      Turns: 2136, Time: 00:03:16

Health: -5/30      AC:  2    Str: 14    XL:     3   Next: 51%
Magic:  3/3        EV: 12    Int: 11    God:
Gold:   40         SH:  0    Dex: 13    Spells: 2/2 levels left

rFire    . . .     SeeInvis .   a - +0 short sword
rCold    . . .     Faith    .   (no shield)
rNeg     . . .     Spirit   .   d - +0 robe
rPois    .         Reflect  .   (no helmet)
rElec    .         Harm     .   (no cloak)
rCorr    .         Rampage  .   (no gloves)
Will     .....                  (no boots)
Stlth    ++........             (no amulet)
HPRegen  0.10/turn              (no ring)
MPRegen  0.08/turn              (no ring)

@: no status effects
A: sturdy frame 1
a: no special abilities


You were on level 2 of the Dungeon.
You visited 1 branch of the dungeon, and saw 2 of its levels.

You collected 40 gold pieces.

Inventory:

Hand Weapons
 a - a +0 short sword (weapon)
Missiles
 h - 6 boomerangs
Armour
 d - a +0 robe (worn)
Wands
 b - a wand of iceblast (8)
 c - a wand of paralysis (11) (quivered)
Scrolls
 f - 2 scrolls of teleportation {unknown}
 i - a scroll of identify {unknown}
 j - a scroll of magic mapping {unknown}
Potions
 e - a potion of haste {unknown}
 g - a potion of ambrosia {unknown}
 k - a potion of might {unknown}
 l - 2 potions of curing


   Skills:
 * Level 3.7 Fighting
 + Level 2.0 Short Blades
 * Level 1.2 Dodging
 + Level 1.2 Stealth
 + Level 1.8 Unarmed Combat
 * Level 2.1 Evocations


You had 2 spell levels left.
You didn't know any spells.
Your spell library was empty.

Dungeon Overview and Level Annotations

Branches:
Dungeon (2/15)

Altars:

Annotations:
D:2 Robin


Innate Abilities, Weirdness & Mutations

Your movements are slightly less encumbered by armour. (ER -2)


Message History

No target in view!
No target in view!
Key pressed, stopping explore.
No target in view!
HP restored.
Things that are here:
a +0 club; a hobgoblin corpse; a frilled lizard skeleton No target in view!
b - a wand of iceblast (8) No target in view!
l - 2 potions of curing No target in view!
Key pressed, stopping explore.
No target in view!
No target in view!
A worm comes into view.
A worm is nearby!
The worm bites you!
You barely miss the worm. You hit the worm.
The worm is moderately wounded.
The worm closely misses you.
You hit the worm.
The worm is severely wounded.
The worm bites you!
You are too injured to fight recklessly!
You are too injured to fight recklessly!
You are too injured to fight recklessly!
You are too injured to fight recklessly!
The worm barely misses you.
You hit the worm.
The worm is severely wounded.
You hit the worm.
The worm is almost dead.
The worm bites you!
* * * LOW HITPOINT WARNING * * *
You hit the worm.
The worm is almost dead.
The worm bites you!
You die...

.# .. #.#..# ..... ####
#####.#.#### ...###
#.......#... ###..#
#####.###..... # ##.##
#......##.#.#.### ##.#
#.#...@w.........
#.#####.#.#..#..#.#.##
##.........#..#......# #
##..#####.###.......#....
###..## #......#.#### ##
...### ########...# #.##
######### ##...####
#.####.......# #.......#
.............####.#.###.#


You could see a worm.

Vanquished Creatures
  2 adders
  A dart slug (D:1)
  A bat (D:1)
  6 goblins
  5 hobgoblins
  4 jackals (D:1)
  2 kobolds (D:1)
  3 frilled lizards
  A rat (D:1)
25 creatures vanquished.

Notes
Turn   | Place    | Note
-------+----------+-------------------------------------------
     0 | D:1      | Morbidden the Demonspawn Wanderer began the quest for the
                  | Orb.
     0 | D:1      | Morbidden set off with the following items: a +0 short
                  | sword, a potion of curing, a wand of paralysis (15), a +0
                  | robe
     0 | D:1      | Reached XP level 1. HP: 18/18 MP: 1/1
   327 | D:1      | Gained mutation: Your movements are slightly less
                  | encumbered by armour. (ER -2) [demonic ancestry]
   327 | D:1      | Reached XP level 2. HP: 18/24 MP: 2/2
  1410 | D:2      | Noticed Robin
  1425 | D:1      | Reached XP level 3. HP: 7/30 MP: 3/3
  2136 | D:2      | Slain by a worm

Illustrated notes

Levels and vault maps discovered:
D:1:      dpeg_arrival_fog, layout_basic
D:2:      layout_loops_cross, gammafunk_temple_overflow_statue,
          kennysheep_another_room, uniq_robin

Skill      XL: |  1  2  3 |
---------------+----------+-----
Evocations     | 2 |  2.1
Short Blades   | 2 |  2.0
Fighting       | |  3.7
Dodging        | |  1.2
Stealth        | |  1.2
Unarmed Combat | |  1.8

Action                   || total
-------------------------++-------
Melee: Short sword       ||   101
Evoke: Wand              ||     4
  Use: Potion            ||     1
 Stab: Paralysed         ||     4
Armor: Robe              ||    13
Dodge: Dodged            ||    57

Table legend: (Time is in decaauts)
 A = Elapsed time spent in this place.
 B = Non-inter-level travel time spent in this place.
 C = Inter-level travel time spent in this place.
 D = Time resting spent in this place.
 E = Time spent auto-exploring this place.
 F = Levels seen in this place.
 G = Mean time per level.
                   A        B        C        D        E       F      G
               +--------+--------+--------+--------+--------+-----+--------+
         Total |   2138 |   2045 |     93 |    481 |   1330 |   2 | 1069.0 |
       Dungeon |   2138 |   2045 |     93 |    481 |   1330 |   2 | 1069.0 |
               +--------+--------+--------+--------+--------+-----+--------+

Top non-repeatable levels by time:
     D:1: 1746 daAuts
     D:2: 391 daAuts
